 Dungeon Crawl Stone Soup version 0.22-a0-351-g29664b4 (webtiles) character file.

9 4thArraOfDagon the Firebug (level 2, -1/17 HPs)
             Began as an Octopode Fire Elementalist on Apr 12, 2018.
             Slain by a giant cockroach (2 damage)
             ... on level 4 of the Dungeon.
             The game lasted 00:01:34 (366 turns).

4thArraOfDagon the Firebug (OpFE)                    Turns: 366, Time: 00:01:34

Health: -1/17      AC:  1    Str:  7    XL:     2   Next: 12%
Magic:  2/5        EV: 13    Int: 17    God:
Gold:   41         SH:  0    Dex: 12    Spells: 4/5 levels left

rFire    . . .     SeeInvis .   d - -3 mace (curse)
rCold    . . .     Gourm    .   (no shield)
rNeg     . . .     Faith    .   (helmet restricted)
rPois    .         Spirit   .   (no amulet)
rElec    .         Reflect  .   (no ring)
rCorr    .         Harm     .   (no ring)
MR       .....                  (no ring)
Stlth    +++.......             (no ring)
HPRegen  0.05/turn              (no ring)
MPRegen  0.09/turn              (no ring)
                                (no ring)
                                (no ring)

@: very slightly contaminated
A: almost no armour, stealthy swim, amphibious, 8 rings, constrict 8, camouflage
1, gelatinous body 1
a: no special abilities


You were on level 4 of the Dungeon.
You were not hungry.

You visited 1 branch of the dungeon, and saw 4 of its levels.

You collected 41 gold pieces.

Inventory:

Hand Weapons
 d - a cursed -3 mace (weapon)
Potions
 e - a potion of might
Comestibles
 b - 4 rations


   Skills:
 - Level 2.0 Dodging
 - Level 2.6 Stealth
 + Level 2.1 Spellcasting
 * Level 1.4 Conjurations
 * Level 3.2 Fire Magic


You had 4 spell levels left.
You knew the following spells:

 Your Spells              Type           Power        Failure   Level  Hunger
a - Flame Tongue          Conj/Fire      #....        7%          1    #......


Dungeon Overview and Level Annotations

Branches:
Dungeon (4/15)
 Temple: D:4-7

Altars:


Innate Abilities, Weirdness & Mutations

You cannot wear most types of armour.
You are very stealthy in the water. (Stealth+)
You are amphibious.
You can wear up to eight rings at the same time.
You can use your tentacles to constrict eight enemies at once.
Your skin changes colour to match your surroundings (Stealth+).
Your rubbery body absorbs attacks. (AC +1, EV +1)


Message History

Unknown command.
The giant cockroach bites you. The kobold hits you but does no damage.
You slide downwards.
The hatch slams shut behind you.
Found a hunting sling.
Unknown command.
Unknown command.
The kobold hits you with a club.
* * * LOW HITPOINT WARNING * * *
Unknown command.
Unknown command.
Unknown command.
Unknown command.
Casting: Flame Tongue (safe; 7% risk of failure)
Confirm with . or Enter, or press ? or * to list all spells.
Aiming: Flame Tongue (safe; 7% risk of failure)
Press: ? - help, Shift-Dir - straight line, f - giant cockroach
Aim: a giant cockroach (moderately wounded, clinging)
You miscast Flame Tongue.
Nothing appears to happen.
The giant cockroach closely misses you. The giant cockroach bites you.
You die...

..# #.#
#.# ...
##.# ..#
#####.#
...#@#
###.#s#
#....K#
#.....#+#.
#........#
#........#
#........#
#....)..##
#.......#


You could see a giant cockroach and a kobold.

Vanquished Creatures
  A dart slug (D:2)
  2 goblins
  A hobgoblin (D:2)
  2 frilled lizards
  A rat (D:2)
7 creatures vanquished.

Notes
Turn   | Place    | Note
-------+----------+-------------------------------------------
     0 | D:1      | 4thArraOfDagon the Octopode Fire Elementalist began the quest for the Orb.
     0 | D:1      | Reached XP level 1. HP: 11/11 MP: 3/3
   123 | D:3      | Noticed a centaur
   293 | D:2      | Reached XP level 2. HP: 9/17 MP: 1/5
   366 | D:4      | Slain by a giant cockroach

Vault maps used:
D:1:      dpeg_arrival_arbitrary_c, serial_forest, infiniplex_forest_end_2,
          infiniplex_forest_straight_4, infiniplex_forest_end_2,
          infiniplex_forest_straight_2, infiniplex_forest_clump_tiny,
          infiniplex_forest_clump_small, infiniplex_forest_corner_1,
          infiniplex_forest_straight_4, infiniplex_forest_clump_long,
          serial_park_tiny_pond
D:2:      yredelemnul_altar_generic, first_ration, lemuel_blue_sif_altar,
          uniq_sigmund
D:4:      lemuel_round_altar, kennysheep_mini, temple_hall, uniq_blork_the_orc

Action                   || total
-------------------------++-------
Melee: Mace              ||     7
       Constrict         ||     3
       Tentacles         ||     1
 Cast: Flame Tongue      ||    10
  Use: Scroll            ||     3
 Stab: Sleeping          ||     1
Armor: Skin              ||     2
Dodge: Dodged            ||    19

Table legend:
 A = Spawn XP
 B = Non-spawn XP
 C = Spawn XP percentage of total XP
 D = Spawn monster count
 E = Non-spawn monster count
 F = Spawn count percentage of total count
 G = Total turns spent on level
                    A         B        C        D         E        F      G
               +---------+---------+-------+---------+---------+-------+---------
         Total |       0 |      13 |   0.0 |       0 |       7 |   0.0 |   366
               +---------+---------+-------+---------+---------+-------+---------
           D:1 |       0 |       1 |   0.0 |       0 |       1 |   0.0 |    65
           D:2 |       0 |       9 |   0.0 |       0 |       4 |   0.0 |   195
           D:3 |       0 |       3 |   0.0 |       0 |       2 |   0.0 |   101
               +---------+---------+-------+---------+---------+-------+---------
